SAA
ATLANTIC CITY SONICS @ LANCASTER FARMERS
07/28/2030
 
TOP OF THE 1ST
Atlantic City Sonics batting - Pitching for Lancaster Farmers : LHP Sergio Zamora
Pitching: LHP Sergio Zamora
Batting: LHB Juan Ledezma 0-0: Ball
1-0: Called Strike
1-1: Ground out U3 (Groundball, 3)
Batting: RHB José Rodríguez 0-0: Ball
1-0: Called Strike
1-1: Ball
2-1: Swinging Strike
2-2: Ball
3-2: Ground out 3-1 (Groundball, 34)
Batting: RHB Eddie Sachs 0-0: Called Strike
0-1: Ball
1-1: Fly out, F5 (Flyball, 56D)
Top of the 1st over - 0 runs, 0 hits, 0 errors, 0 left on base; Atlantic City 0 - Lancaster 0
BOTTOM OF THE 1ST
Lancaster Farmers batting - Pitching for Atlantic City Sonics : LHP José Cotilla
Pitching: LHP José Cotilla
Batting: RHB Juan Pedraza 0-0: Ball
1-0: Ground out 3-1 (Groundball, 34)
Batting: RHB Kasper Schuilenberg 0-0: Foul Ball, location: 2F
0-1: Ball
1-1: Foul Ball, location: 2F
1-2: Foul Ball, location: 2F
1-2: Foul Ball, location: 2F
1-2: Ball
2-2: SINGLE (Line Drive, 8LS)
Batting: LHB Manuel Núñez 0-0: Ball
1-0: Ball
2-0: DOUBLE (Flyball, 8RXD)
Kasper Schuilenberg to third
Batting: RHB Ramón Degollado 0-0: Ball
1-0: Foul Ball, location: 2F
1-1: Foul Ball, location: 2F
1-2: Ball
2-2: Foul Ball, location: 2F
2-2: Foul Ball, location: 2F
2-2: Ball
3-2: SINGLE (Groundball, 6MD)
Kasper Schuilenberg scores
Manuel Núñez to third
Runner from 3rd tries for Home, throw and OUT!
Batting: RHB Woodrow Terrebonne 0-0: Ball
Ramón Degollado is caught stealing 2nd base
Bottom of the 1st over - 1 run, 3 hits, 0 errors, 0 left on base; Atlantic City 0 - Lancaster 1
TOP OF THE 2ND
Atlantic City Sonics batting - Pitching for Lancaster Farmers : LHP Sergio Zamora
Batting: LHB Kelvin Abbott 0-0: Called Strike
0-1: Ground out 5-3 (Groundball, 56S)
Batting: RHB Alejandro Sánchez 0-0: Ground out 6-3 (Groundball, 6)
Batting: RHB Jeff Quesenberry 0-0: Called Strike
0-1: Foul Ball, location: 2F
0-2: Ground out 3-1 (Groundball, 34S)
Top of the 2nd over - 0 runs, 0 hits, 0 errors, 0 left on base; Atlantic City 0 - Lancaster 1
BOTTOM OF THE 2ND
Lancaster Farmers batting - Pitching for Atlantic City Sonics : LHP José Cotilla
Batting: RHB Woodrow Terrebonne 0-0: Ball
1-0: Ball
2-0: Ball
3-0: Called Strike
3-1: Base on Balls
Batting: RHB Hou Kong 0-0: Ball
1-0: Ball
2-0: Called Strike
2-1: Fly out, F8 (Flyball, 8LM)
Batting: RHB Gabe Cain 0-0: Ball
1-0: SINGLE (Line Drive, 8RS)
Woodrow Terrebonne to second
Batting: RHB Bogumil Tiwontschik 0-0: Ball
1-0: Fielders Choice at 2nd, 3-6 (Groundball, 34)
Woodrow Terrebonne to third
Batting: RHB Diego Méndez 0-0: Ball
1-0: Ball
2-0: Ball
3-0: Called Strike
3-1: Foul Ball, location: 2F
3-2: Foul Ball, location: 2F
3-2: Base on Balls
Bogumil Tiwontschik to second
Batting: RHB Juan Pedraza 0-0: Called Strike
0-1: SINGLE (Flyball, 78M)
Woodrow Terrebonne scores
Bogumil Tiwontschik to third
Diego Méndez to second
Runner from 3rd tries for Home, SAFE, no throw
Batting: RHB Kasper Schuilenberg 0-0: Ball
1-0: Fly out, F3 (Popup, 3SF)
Bottom of the 2nd over - 2 runs, 2 hits, 0 errors, 2 left on base; Atlantic City 0 - Lancaster 3
TOP OF THE 3RD
Atlantic City Sonics batting - Pitching for Lancaster Farmers : LHP Sergio Zamora
Batting: LHB José Pacheco 0-0: Ball
1-0: Called Strike
1-1: Fly out, F3 (Line Drive, 3)
Batting: RHB Randy Sheffield 0-0: Ball
1-0: Ball
2-0: Foul Ball, location: 2F
2-1: Foul Ball, location: 2F
2-2: Ball
3-2: Base on Balls
Batting: RHB Malcolm Campbell 0-0: DOUBLE (Line Drive, 89D)
Randy Sheffield to third
Runner from 3rd tries for Home, SAFE, no throw
Batting: LHB Juan Ledezma 0-0: Ball
Wild Pitch!
Malcolm Campbell to third
1-0: Ball
2-0: Foul Ball, location: 2F
2-1: Ball
3-1: Base on Balls
Batting: RHB José Rodríguez 0-0: Ball
Juan Ledezma steals 2nd base
1-0: Ball
2-0: Called Strike
2-1: Foul Ball, location: 2F
2-2: Ground out U3 (Groundball, 3)
Batting: RHB Eddie Sachs 0-0: Ball
1-0: Ball
2-0: Ball
3-0: Called Strike
3-1: Base on Balls
Batting: LHB Kelvin Abbott 0-0: Called Strike
0-1: Ball
1-1: Ground out 4-3 (Groundball, 4)
Top of the 3rd over - 1 run, 1 hit, 0 errors, 3 left on base; Atlantic City 1 - Lancaster 3
BOTTOM OF THE 3RD
Lancaster Farmers batting - Pitching for Atlantic City Sonics : LHP José Cotilla
Batting: LHB Manuel Núñez 0-0: Ball
1-0: Called Strike
1-1: Called Strike
1-2: Strikes out looking
Batting: RHB Ramón Degollado 0-0: Ball
1-0: Ball
2-0: Foul Ball, location: 2F
2-1: Swinging Strike
2-2: Ball
3-2: Ground out 5-3 (Groundball, 56S)
Batting: RHB Woodrow Terrebonne 0-0: Ball
1-0: Ball
2-0: Foul Ball, location: 2F
2-1: Ground out 6-3 (Groundball, 6)
Bottom of the 3rd over - 0 runs, 0 hits, 0 errors, 0 left on base; Atlantic City 1 - Lancaster 3
TOP OF THE 4TH
Atlantic City Sonics batting - Pitching for Lancaster Farmers : LHP Sergio Zamora
Batting: RHB Alejandro Sánchez 0-0: Called Strike
0-1: Ball
1-1: Ball
2-1: Ball
3-1: Base on Balls
Batting: RHB Jeff Quesenberry 0-0: Called Strike
0-1: Ball
1-1: Called Strike
1-2: Fly out, F9 (Line Drive, 9S)
Batting: LHB José Pacheco 0-0: Called Strike
0-1: Ball
1-1: Grounds into double play, U6-3 (Groundball, 4M)
Top of the 4th over - 0 runs, 0 hits, 0 errors, 0 left on base; Atlantic City 1 - Lancaster 3
BOTTOM OF THE 4TH
Lancaster Farmers batting - Pitching for Atlantic City Sonics : LHP José Cotilla
Batting: RHB Hou Kong 0-0: Ball
1-0: Ground out 4-3 (Groundball, 34)
Batting: RHB Gabe Cain 0-0: Ground out U3 (Groundball, 3)
Batting: RHB Bogumil Tiwontschik 0-0: Called Strike
0-1: Ground out 4-3 (Groundball, 34)
Bottom of the 4th over - 0 runs, 0 hits, 0 errors, 0 left on base; Atlantic City 1 - Lancaster 3
TOP OF THE 5TH
Atlantic City Sonics batting - Pitching for Lancaster Farmers : LHP Sergio Zamora
Batting: RHB Randy Sheffield 0-0: Swinging Strike
0-1: Swinging Strike
0-2: Ball
1-2: Ball
2-2: Ball
3-2: Foul Ball, location: 2F
3-2: Strikes out swinging
Batting: RHB Malcolm Campbell 0-0: Fly out, F4 (Line Drive, 4)
Batting: LHB Juan Ledezma 0-0: Ball
1-0: Swinging Strike
1-1: Called Strike
1-2: Ball
2-2: Foul Ball, location: 2F
2-2: SOLO HOME RUN (Flyball, 9LD), Distance : 360 ft
Batting: RHB José Rodríguez 0-0: Foul Ball, location: 2F
0-1: Ball
1-1: Foul Ball, location: 2F
1-2: Foul Ball, location: 2F
1-2: Ball
2-2: Ground out 5-3 (Groundball, 2L)
Top of the 5th over - 1 run, 1 hit, 0 errors, 0 left on base; Atlantic City 2 - Lancaster 3
BOTTOM OF THE 5TH
Lancaster Farmers batting - Pitching for Atlantic City Sonics : LHP José Cotilla
Batting: RHB Diego Méndez 0-0: Swinging Strike
0-1: Swinging Strike
0-2: Ball
1-2: Ball
2-2: Ball
3-2: Fly out, F4 (Popup, 4)
Batting: RHB Juan Pedraza 0-0: Ground out 4-3 (Groundball, 4)
Batting: RHB Kasper Schuilenberg 0-0: Swinging Strike
0-1: Ball
1-1: Ground out 4-3 (Groundball, 4)
Bottom of the 5th over - 0 runs, 0 hits, 0 errors, 0 left on base; Atlantic City 2 - Lancaster 3
TOP OF THE 6TH
Atlantic City Sonics batting - Pitching for Lancaster Farmers : LHP Sergio Zamora
Batting: RHB Eddie Sachs 0-0: Ball
1-0: Ground out 4-3 (Groundball, 4)
Batting: LHB Kelvin Abbott 0-0: Ball
1-0: Foul Ball, location: 2F
1-1: Ball
2-1: Foul Ball, location: 2F
2-2: Foul Ball, location: 2F
2-2: Foul Ball, location: 2F
2-2: SINGLE (Groundball, 34) (infield hit)
Batting: RHB Alejandro Sánchez 0-0: Grounds into double play, 6-4-3 (Groundball, 6)
Top of the 6th over - 0 runs, 1 hit, 0 errors, 0 left on base; Atlantic City 2 - Lancaster 3
BOTTOM OF THE 6TH
Lancaster Farmers batting - Pitching for Atlantic City Sonics : LHP José Cotilla
Batting: LHB Manuel Núñez 0-0: Foul Ball, location: 2F
0-1: Ball
1-1: Ground out 4-3 (Groundball, 4)
Batting: RHB Ramón Degollado 0-0: SINGLE (Line Drive, 6M)
Batting: RHB Woodrow Terrebonne 0-0: Ball
1-0: Foul Ball, location: 2F
1-1: Ball
2-1: Swinging Strike
2-2: Ground out 4-3 (Groundball, 4MS)
Ramón Degollado to second
Batting: RHB Hou Kong 0-0: Ball
1-0: Ball
2-0: Foul Ball, location: 2F
2-1: Ball
3-1: Foul Ball, location: 2F
3-2: Ground out 5-3 (Groundball, 56)
Bottom of the 6th over - 0 runs, 1 hit, 0 errors, 1 left on base; Atlantic City 2 - Lancaster 3
TOP OF THE 7TH
Atlantic City Sonics batting - Pitching for Lancaster Farmers : LHP Sergio Zamora
Batting: RHB Jeff Quesenberry 0-0: Called Strike
0-1: Ball
1-1: Ball
2-1: Foul Ball, location: 2F
2-2: SINGLE (Line Drive, 6D)
Pinch Hitting: RHB Dam Son 0-0: Called Strike
Throwing error on steal attempt, E2
Jeff Quesenberry to third
0-1: DOUBLE (Groundball, 5L)
Jeff Quesenberry scores
Batting: RHB Randy Sheffield 0-0: Ball
1-0: Foul Ball, location: 2F
1-1: 2-RUN HOME RUN (Flyball, 7LD), Distance : 375 ft
Pitching: RHP Bert Gean
Batting: RHB Malcolm Campbell 0-0: Ground out 6-3 (Groundball, 6)
Batting: LHB Juan Ledezma 0-0: Fly out, F9 (Flyball, 89D)
Batting: RHB José Rodríguez 0-0: Foul Ball, location: 2F
0-1: Called Strike
0-2: Foul Ball, location: 2F
0-2: Ball
1-2: Strikes out swinging
Top of the 7th over - 3 runs, 3 hits, 1 error, 0 left on base; Atlantic City 5 - Lancaster 3
BOTTOM OF THE 7TH
Lancaster Farmers batting - Pitching for Atlantic City Sonics : LHP José Cotilla
Now in LF: Jesús Guzmán
Batting: RHB Gabe Cain 0-0: Ball
1-0: Swinging Strike
1-1: Ball
2-1: Swinging Strike
2-2: Strikes out looking
Batting: RHB Bogumil Tiwontschik 0-0: Ball
1-0: DOUBLE (Flyball, 8LD)
Batting: RHB Diego Méndez 0-0: Called Strike
0-1: Swinging Strike
0-2: Ball
1-2: Foul Ball, location: 2F
1-2: Fly out, F4 (Popup, 3D)
Batting: RHB Juan Pedraza 0-0: Ball
1-0: Called Strike
1-1: Swinging Strike
1-2: Ground out 6-3 (Groundball, 6D)
Bottom of the 7th over - 0 runs, 1 hit, 0 errors, 1 left on base; Atlantic City 5 - Lancaster 3
TOP OF THE 8TH
Atlantic City Sonics batting - Pitching for Lancaster Farmers : RHP Bert Gean
Batting: RHB Eddie Sachs 0-0: Ball
1-0: Ball
2-0: Ball
3-0: Swinging Strike
3-1: Foul Ball, location: 2F
3-2: Foul Ball, location: 2F
3-2: SINGLE (Line Drive, 6M)
Batting: LHB Kelvin Abbott 0-0: Ball
1-0: Grounds out, U3 (Groundball, 3L)
Batting: RHB Alejandro Sánchez 0-0: Foul Ball, location: 2F
0-1: Ground out 6-3 (Groundball, 6)
Batting: RHB Jeff Quesenberry 0-0: Ground out 6-3 (Groundball, 56)
Top of the 8th over - 0 runs, 1 hit, 0 errors, 1 left on base; Atlantic City 5 - Lancaster 3
BOTTOM OF THE 8TH
Lancaster Farmers batting - Pitching for Atlantic City Sonics : LHP José Cotilla
Batting: RHB Kasper Schuilenberg 0-0: Ball
1-0: Ball
2-0: Foul Ball, location: 2F
2-1: Ball
3-1: Swinging Strike
3-2: Fly out, F2 (Popup, 15S)
Pitching: LHP Doppo Omikado
Batting: LHB Manuel Núñez 0-0: Ball
1-0: Called Strike
1-1: Swinging Strike
1-2: Fly out, F7 (Flyball, 78M)
Batting: RHB Ramón Degollado 0-0: Ground out 6-3 (Groundball, 6M)
Bottom of the 8th over - 0 runs, 0 hits, 0 errors, 0 left on base; Atlantic City 5 - Lancaster 3
TOP OF THE 9TH
Atlantic City Sonics batting - Pitching for Lancaster Farmers : RHP Bert Gean
Batting: RHB Jesús Guzmán 0-0: Called Strike
0-1: Ball
1-1: Ball
2-1: Fly out, F8 (Flyball, 8RD)
Batting: RHB Randy Sheffield 0-0: Called Strike
0-1: Ball
1-1: Foul Ball, location: 2F
1-2: Ball
2-2: Ball
3-2: Strikes out swinging
Batting: RHB Malcolm Campbell 0-0: Swinging Strike
0-1: Ball
1-1: Ball
2-1: Foul Ball, location: 2F
2-2: Fly out, F8 (Line Drive, 8LXD)
Top of the 9th over - 0 runs, 0 hits, 0 errors, 0 left on base; Atlantic City 5 - Lancaster 3
BOTTOM OF THE 9TH
Lancaster Farmers batting - Pitching for Atlantic City Sonics : LHP Doppo Omikado
Batting: RHB Woodrow Terrebonne 0-0: Called Strike
0-1: Foul Ball, location: 2F
0-2: Ground out 4-3 (Groundball, 4)
Batting: RHB Hou Kong 0-0: Ball
1-0: Ball
2-0: Fly out, F9 (Flyball, 89M)
Batting: RHB Gabe Cain 0-0: Ball
1-0: Fly out, F8 (Flyball, 8RM)
Bottom of the 9th over - 0 runs, 0 hits, 0 errors, 0 left on base; Atlantic City 5 - Lancaster 3
Sunday, March 18th, 2018 - OOTP Baseball 18.8 Build 76